AoeStats
← NevErXsTop

Black Forest

510760651Analyzed
4v4 RM · 21h ago on Oct 2, 2026· 65m 39s· 8 players
Game mode
Random Map
Map size
Large (8 player)
Population
200
Speed
Normal
Resources
Standard
Victory
Conquest
Starting age
Dark Age
Ending age
Imperial Age
RankedLock teamsTeams togetherTeam positionsShared explorationLock speedFull tech treeHidden civsTurbo modeCheats
Victory
Defeat
🇨🇳 Hindustanis · China
1327
+17
🇭🇰 Danes · Hong Kong SAR China
1305
+18
🇭🇰 Spanish · Hong Kong SAR China
1283
+19
🇭🇰 Malay · Hong Kong SAR China
1225
+21
🇦🇷 Danes · Argentina
1403
-20
🇦🇷 Mongols · Argentina
1354
-19
🇹🇷 Britons · Türkiye
1342
-19
🇹🇼 Jurchens · Taiwan
1307
-17
胖过
9:16 Feudal Age
13:15 Castle Age
11:33 Double-Bit Axe
12:29 Horse Collar
14:51 Bow Saw
15:29 Heavy Plow
20:27 Stone Mining
22:46 Wheelbarrow
22:20 Gold Mining
24:48 Gold Shaft Mining
25:41 Stone Shaft Mining
27:02 Grand Trunk Road
29:47 Imperial Age
27:55 Ballistics
27:45 Scale Barding Armor
27:58 Forging
29:03 Husbandry
29:14 Bloodlines
30:02 Iron Casting
29:59 Chain Barding Armor
29:59 Heavy Camel Rider
31:33 Plate Barding Armor
32:13 Two-Man Saw
32:40 Conscription
32:50 Hand Cart
32:21 Loom
32:21 Town Watch
32:27 Imperial Camel Rider
37:47 Light Cavalry
41:12 Blast Furnace
40:03 Fletching
40:13 Padded Archer Armor
41:16 Chemistry
40:28 Masonry
40:13 Murder Holes
40:27 Hussar
42:39 Shatagni
42:44 Bodkin Arrow
43:05 Leather Archer Armor
46:47 Town Patrol
51:14 Bracer
cls
0:53 Loom
12:48 Feudal Age
13:18 Double-Bit Axe
13:40 Stone Mining
13:41 Horse Collar
16:57 Castle Age
15:08 Gold Mining
16:33 Forging
16:24 Scale Mail Armor
17:48 Bow Saw
17:50 Heavy Plow
22:44 Wheelbarrow
23:27 Town Watch
23:33 Arson
24:55 Gold Shaft Mining
27:10 Stone Mining
30:17 Imperial Age
28:17 Hand Cart
30:38 Squires
31:21 Conscription
32:36 Heavy Scorpion
32:37 Onager
34:22 Chemistry
34:56 Siege Engineers
34:14 Siege Onager
36:34 Ballistics
36:11 Murder Holes
38:25 Pikeman
39:39 Elite Varangian Guard
39:57 Halberdier
40:26 Capped Ram
42:37 Iron Casting
42:17 Chain Mail Armor
42:08 Caravan
43:12 Chain Mail Armor
45:16 Plate Mail Armor
45:46 Blast Furnace
44:12 Hamask
46:12 Siege Ram
48:44 Gambesons
48:53 Fletching
48:47 Elite Jomsviking
50:13 Hoardings
49:21 Northmen's Fury
52:17 Stone Shaft Mining
北九州最強ACE
0:55 Loom
12:05 Feudal Age
17:14 Castle Age
15:30 Double-Bit Axe
18:55 Bow Saw
23:49 Fishing Lines
30:27 Scale Mail Armor
30:27 Padded Archer Armor
32:15 Gillnets
34:55 Leather Archer Armor
34:38 Horse Collar
35:23 Heavy Plow
36:13 Ballistics
37:55 Town Watch
38:46 Wheelbarrow
41:26 Imperial Age
43:29 Chemistry
42:23 Stone Mining
42:25 Gold Mining
43:00 Hand Cart
44:10 Ring Archer Armor
43:31 Fletching
44:50 Bombard Tower
46:15 Two-Man Saw
49:43 Caravan
50:13 Coinage
49:53 Guilds
52:33 Elite Cannon Galleon
55:59 Conscription
56:00 Supremacy
56:52 Thumb Ring
59:32 Elite Skirmisher
60:52 Medium Warships
NevErXsTop
7:23 Loom
10:36 Feudal Age
10:27 Double-Bit Axe
17:42 Fletching
18:49 Fishing Lines
18:52 Horse Collar
24:30 Castle Age
27:53 Imperial Age
31:19 Chemistry
33:40 Forging
33:47 Elite Skirmisher
35:28 Wheelbarrow
36:24 Heavy Plow
36:35 Bow Saw
38:19 Town Watch
40:31 Padded Archer Armor
41:26 Capped Ram
42:41 Bodkin Arrow
43:09 Ballistics
42:29 Treadmill Crane
43:09 Ballistics
42:29 Treadmill Crane
42:38 Cavalier
43:18 Crossbowman
44:04 Thumb Ring
44:01 Arbalester
46:35 Bracer
46:58 Bombard Tower
48:13 Guilds
48:06 Caravan
49:11 Pikeman
52:12 Squires
60:01 Coinage
62:13 Coinage
64:10 Hand Cart
[OPP]COSMO
11:10 Feudal Age
17:03 Castle Age
15:00 Double-Bit Axe
16:26 Gold Mining
16:28 Fletching
17:55 Loom
18:07 Bodkin Arrow
18:24 Bow Saw
18:09 Horse Collar
19:05 Gold Shaft Mining
19:17 Padded Archer Armor
20:15 Leather Archer Armor
26:52 Bloodlines
28:10 Husbandry
28:36 Stone Mining
31:25 Wheelbarrow
32:19 Town Watch
32:49 Hand Cart
36:43 Imperial Age
35:26 Stone Shaft Mining
34:35 Treadmill Crane
34:53 Murder Holes
35:08 Masonry
35:01 Heavy Plow
35:59 Siege Engineers
36:35 Fishing Lines
37:08 Fortified Bastions
37:49 Guilds
38:42 Bracer
40:37 Chemistry
39:22 Light Cavalry
40:54 Architecture
41:02 Forging
40:46 Heavy Rocket Cart
41:56 Scale Barding Armor
42:27 Iron Casting
41:41 Elite Steppe Lancer
43:03 Chain Barding Armor
46:23 Blast Furnace
49:00 Plate Barding Armor
49:10 Ring Archer Armor
50:29 Conscription
54:09 Hussar
55:26 Coinage
59:47 Banking
[TAIDA]= =
0:38 Loom
12:31 Feudal Age
16:50 Double-Bit Axe
20:42 Castle Age
23:53 Fletching
24:55 Bow Saw
29:01 Fishing Lines
33:49 Wheelbarrow
33:12 Town Watch
33:38 Gillnets
37:50 Imperial Age
36:17 Scale Mail Armor
37:48 Chain Mail Armor
37:44 Forging
38:06 Elite Longship
39:05 Squires
38:50 Gambesons
39:59 Plate Mail Armor
40:05 Iron Casting
39:57 Arson
41:33 Ballistics
42:21 Hand Cart
42:04 Elite Jomsviking
45:32 Blast Furnace
44:17 Elite Skirmisher
44:55 Bodkin Arrow
45:00 Padded Archer Armor
46:28 Siege Engineers
47:47 Chemistry
46:57 Masonry
47:52 Conscription
48:27 Onager
49:21 Northmen's Fury
50:11 Siege Onager
53:11 Leather Archer Armor
53:17 Bracer
52:41 Crossbowman
55:20 Ring Archer Armor
56:09 Caravan
56:35 Elite Varangian Guard
59:02 Capped Ram
61:27 Hamask
62:47 Thumb Ring
62:13 Siege Ram
forever19f
0:36 Loom
11:25 Feudal Age
17:56 Castle Age
16:26 Double-Bit Axe
16:24 Horse Collar
18:59 Bow Saw
20:33 Fishing Lines
22:51 Wheelbarrow
22:27 Gillnets
23:44 Gold Mining
24:00 Fletching
24:44 Bodkin Arrow
25:45 Padded Archer Armor
27:06 Town Watch
27:22 Stone Mining
30:53 Imperial Age
29:05 Hand Cart
30:13 Yeomen
31:46 Fortified Wall
31:43 Siege Engineers
32:01 Conscription
32:03 Bracer
34:18 Chemistry
33:39 Ballistics
35:26 Warwolf
35:28 Pikeman
36:09 Scale Mail Armor
36:19 Forging
36:12 Squires
35:56 Halberdier
38:02 Chain Mail Armor
38:22 Iron Casting
40:09 Treadmill Crane
41:02 Plate Mail Armor
41:32 Blast Furnace
42:19 Warwolf
47:07 Two-Man Saw
48:46 Caravan
52:00 Elite Longbowman
61:50 Heavy Plow
forever666f
7:32 Loom
11:21 Feudal Age
14:56 Castle Age
15:02 Castle Age
13:11 Double-Bit Axe
14:21 Fishing Lines
19:44 Wheelbarrow
19:22 Bow Saw
18:54 Horse Collar
19:18 Gillnets
23:57 Stone Mining
23:58 Gold Mining
29:49 Imperial Age
27:25 Fletching
28:08 Bloodlines
27:59 Husbandry
28:00 Padded Archer Armor
29:05 Bodkin Arrow
30:19 Ballistics
29:56 Town Watch
30:30 Hand Cart
31:35 Chemistry
30:01 Onager
31:12 Siege Engineers
31:34 Siege Onager
32:35 Heavy Plow
33:23 Caravan
33:42 Bracer
33:22 Light Cavalry
34:10 Scale Barding Armor
34:15 Forging
35:12 Drill
36:13 Leather Archer Armor
36:52 Hussar
42:31 Parthian Tactics
43:54 Thumb Ring
51:55 Fortified Wall
51:41 Murder Holes
56:44 Chain Barding Armor
Connection lost

Rejoining the realm…

Still unreachable

The connection could not be restored.

Session expired

The server has moved on; the page needs a fresh start.